cohdb
Replays
Latest Replays
All Replays
Popular Replays
Top Player Replays
Match Explorer
How It Works
Community
CoH3 Stats
Reddit
Sign in to upload your games and track your stats! →
Sign in with Steam
Match 39699053
Unlisted
Match 39699053
Overview
Messages
Build Orders
End
Engineer Squad
Selects Heavy Weapons
Construct Barracks
Riflemen Squad
Riflemen Squad
Construct Weapon Support Center
M1919 Machine Gun Team
Mechanized Support Center
Selects Assault Carriers
Construct Medical Station
Construct Medical Station
Grenade Package
M3 Assault Carrier
Selects Halftrack Strongpoints
Bazooka Squad
Mortar Pit
M1918 Browning Automatic Rifles
Riflemen Squad
Construct Tank Depot
M4A1 Sherman Medium Tank
M4A1 76mm Conversion
Improvised Armor
Mr.28M
MillenniumMirai
Gravey
달안개
Brezelbube
Discoverer
MaPa
QWQ
0
0
Comments
sign in to comment!
No comments posted yet!